 Dungeon Crawl Stone Soup version 0.29.1-2-gbd0b4ee654 (webtiles) character file.

Game seed: 16978835147305427059

9627 xian the Envoy of Void (level 11, -2/86 HPs)
             Began as a Demonspawn Abyssal Knight on Nov 18, 2022.
             Was a High Priest of Lugonu.
             Slain by a komodo dragon (8 damage)
             ... on level 1 of the Lair of Beasts.
             The game lasted 00:24:44 (11487 turns).

xian the Envoy of Void (Demonspawn Abyssal Knight) Turns: 11487, Time: 00:24:44

Health: -2/86      AC: 19    Str: 18    XL:     11   Next: 25%
Magic:  18/18      EV:  9    Int: 25    God:    Lugonu [*****.]
Gold:   646        SH:  0    Dex: 13    Spells: 10/10 levels left

rFire   . . .      SeeInvis .   x - +5 whip of the Boiling Point {vorpal, *Rage rPois Int+4 Stlth+}
rCold   . . .      Faith    .   (no shield)
rNeg    . . .      Spirit   .   D - +1 chain mail {rPois}
rPois   +          Reflect  .   u - +2 helmet {Int+3}
rElec   .          Harm     .   p - +0 cloak
rCorr   .          Rampage  .   (no gloves)
Will    .....      Rage     20% h - +0 pair of boots
Stlth   ..........              C - amulet of the acrobat
HPRegen 0.24/turn               G - +6 ring of intelligence
MPRegen 0.16/turn               (no ring)

@: studying Dodging
A: demonic guardian 2, spiny 2, sharp scales 1, demonic touch 2
a: Renounce Religion, Depart the Abyss, Bend Space, Banish, Corrupt, Enter the
Abyss


You were on level 1 of the Lair of Beasts.
You worshipped Lugonu.
Lugonu was extremely pleased with you.
You visited 2 branches of the dungeon, and saw 11 of its levels.
You visited the Abyss 1 time.

You collected 646 gold pieces.

Inventory:

Hand Weapons
 a - a +1 short sword
 x - the +5 whip of the Boiling Point (weapon) {vorpal, *Rage rPois Int+4 Stlth+}
   (You found it on level 5 of the Dungeon)

   It inflicts extra damage upon your enemies.
   Int:       It affects your intelligence (+4).
   rPois:     It protects you from poison.
   *Rage:     It berserks you when you make melee attacks (+20% chance).
   Stlth:     It makes you more stealthy.
Missiles
 c - 6 boomerangs
 m - a curare-tipped dart
 v - 30 poisoned darts (quivered)
Armour
 h - a +0 pair of boots (worn)
 k - +0 swamp dragon scales
 p - a +0 cloak (worn)
 u - a +2 helmet of intelligence (worn)
 D - a +1 chain mail of poison resistance (worn)
Magical Staves
 r - a staff of cold
Jewellery
 e - an amulet of guardian spirit
 C - an amulet of the acrobat (around neck)
 G - a +6 ring of intelligence (left hand)
Wands
 y - a wand of roots (24)
 A - a wand of polymorph (11)
 E - a wand of paralysis (7)
 J - a wand of flame (9)
Scrolls
 b - 5 scrolls of enchant armour
 g - 2 scrolls of immolation {unknown}
 j - 2 scrolls of butterflies {unknown}
 o - a scroll of blinking
 s - 4 scrolls of poison
 t - 2 scrolls of fear
 w - 2 scrolls of magic mapping {unknown}
 B - 2 scrolls of teleportation {unknown}
 F - a scroll of enchant weapon
 H - a scroll of identify
 K - a scroll of amnesia {unknown}
Potions
 d - 2 potions of flight {unknown}
 f - 2 potions of invisibility
 i - 4 potions of heal wounds {unknown}
 l - 2 potions of haste {unknown}
 n - a potion of lignification {unknown}
 q - 6 potions of curing {unknown}
 z - a potion of berserk rage
 I - a potion of magic {unknown}


   Skills:
 + Level 7.8 Fighting
 + Level 5.6 Short Blades
 + Level 8.0 Maces & Flails
 + Level 8.0 Armour
 + Level 4.0 Dodging
 + Level 1.5 Stealth
 * Level 10.5 Invocations


You had 10 spell levels left.
You didn't know any spells.
Your spell library contained the following spells:

 Spells                   Type           Power      Damage    Failure   Level
 Beastly Appendage        Tmut           0%         N/A       78%         1
 Wereblood                Tmut           0%         N/A       89%         2
 Conjure Flame            Conj/Fire      0%         6-21      98%         3
 Gell's Gravitas          Tloc           0%         N/A       98%         3
 Ignite Poison            Fire/Tmut/Pois 0%         N/A       98%         3
 Lesser Beckoning         Tloc           0%         N/A       98%         3
 Spider Form              Tmut/Pois      0%         N/A       98%         3
 Teleport Other           Tloc           0%         N/A       98%         3
 Sticky Flame             Conj/Fire      0%         2d3       100%        4


Dungeon Overview and Level Annotations

Branches:
Dungeon (10/15)            Temple (0/1) D:4            Lair (1/5) D:10
    Orc: D:9-12

Altars:
Kikubaaqudgha
Yredelemnul
Jiyva

Shops:
D:5 :   D:10 ?

Annotations:
D:10 3 runed translucent doors, safid's ghost, novice MiHu


Innate Abilities, Weirdness & Mutations

A demonic guardian rushes to your aid.
You are mostly covered in sharp spines.
You are partially covered in razor-sharp scales. (AC +1, Slay +1)
Your touch may inflict irresistible damage on your foes.


Message History

The yak is almost dead.
The yak barely misses you.
You whack the yak!
You kill the yak!
Lugonu accepts your kill.
You see here a yak corpse.
You feel a strong urge to attack something.
You are no longer berserk.
You are exhausted.
You feel yourself slow down.
Found a stone staircase leading down.
You see here a +0 chain mail.
Your soul eater disappears in a puff of smoke!
Found a lumpy ruby potion.
You start resting.
You feel yourself speed up.
A komodo dragon comes into view.
The komodo dragon hisses angrily.
You hear a loud, deep croak!
The komodo dragon moves out of view.
Found a stone staircase leading down.
A bullfrog comes into view.
The bullfrog gives a loud, deep croak!
You hear a loud, deep croak!
You barely miss the bullfrog. Your touch misses the bullfrog.
The bullfrog releases a deep croak.
The bullfrog is struck by your spines.
The bullfrog hits you but does no damage.
A bullfrog comes into view.
You whack the bullfrog!
You kill the bullfrog!
Lugonu accepts your kill.
You recover from your berserk rage.
Found 16 gold pieces.
The komodo dragon is struck by your spines.
The komodo dragon bites you!!
* * * LOW HITPOINT WARNING * * *
A demonic guardian appears!
You whack the komodo dragon!
The komodo dragon is moderately wounded.
The komodo dragon bites you!
You die...

#..⌠..# .....#
.>.⌠. ...# ..#
$.###+#.#
#....Fl###
#..!⌠4@..# .
#.........## .
..⌠..>..⌠..### .##
......(......##+.##
.....⌠.......##...#
..................#
..#.....#..⌠.†##..#
.##..⌠...#....†...#
#.....#...[..#.<##


You could see a komodo dragon (ally target), a bullfrog and a friendly rust
devil (summoned).

Vanquished Creatures
  A hydra (Lair:1)
  A death yak (D:10)
  A deep elf pyromancer (D:10)
  A black mamba (Lair:1)
  2 gargoyles (D:10)
  Maggie (D:8)
  A troll (D:9)
  Grinder (D:4)
  10 yaks
  Eustachio (D:5)
  2 acid dragons
  A water moccasin (D:8)
  A sky beast (D:7)
  Duvessa (D:6)
  An ice beast (D:6)
  3 orc warriors
  An ogre (D:6)
  5 centaurs
  2 phantoms
  3 kobold brigands
  2 bullfrogs
  2 necrophages
  3 scorpions
  7 wights
  Dowan (D:6)
  4 killer bees (D:10)
  2 howler monkeys
  A centaur zombie (D:8)
  A jelly (D:6)
  2 quasits (D:6)
  A hound (D:6)
  A human zombie (D:8)
  5 orc priests
  An iguana (D:4)
  Natasha (D:3)
  5 orc wizards
  2 killer bee zombies (D:8)
  A mummy (D:8)
  2 howler monkey zombies (D:8)
  A gnoll (D:1)
  5 adders
  2 shadow imps (D:6)
  2 white imps
  4 ufetubi
  4 worms
  2 dart slugs
  24 orcs
  6 endoplasms
  2 giant cockroaches
  6 goblins
  12 hobgoblins
  14 jackals
  2 quokkas
  9 ball pythons
  5 bats
  3 frilled lizards
  25 kobolds
  2 rats
214 creatures vanquished.

Vanquished Creatures (collateral kills)
  2 death yaks (D:10)
  An ogre (D:6)
  An orc priest (D:6)
  A howler monkey zombie (D:8)
  2 orcs (D:6)
  A goblin (D:2)
8 creatures vanquished.

Vanquished Creatures (others)
  An orc wizard (D:7)
  3 withered plants (D:8)
4 creatures vanquished.

Grand Total: 226 creatures vanquished

Notes
Turn   | Place    | Note
-------+----------+-------------------------------------------
     0 | Abyss:1  | xian the Demonspawn Abyssal Knight began the quest for the
                  | Orb.
     0 | Abyss:1  | Reached XP level 1. HP: 18/18 MP: 2/2
    10 | Abyss:1  | Found a corrupted altar of Lugonu.
    93 | Abyss:3  | Noticed an eight-headed hydra skeleton
   119 | Abyss:3  | Noticed a red very ugly thing
   181 | Abyss:3  | Noticed a bone dragon
   189 | Abyss:3  | Noticed a thrashing horror
   191 | Abyss:3  | Noticed a guardian serpent
   191 | Abyss:3  | Noticed a thrashing horror
   192 | D:1      | Escaped the Abyss
   486 | D:1      | Gained mutation: A weak demonic guardian rushes to your
                  | aid. [demonic ancestry]
   486 | D:1      | Reached XP level 2. HP: 17/24 MP: 3/3
   491 | D:1      | Reached skill level 1 in Dodging
  1577 | D:1      | HP: 1/25 [gnoll/+0 spear (5)]
  1579 | D:1      | Reached XP level 3. HP: 2/30 MP: 0/4
  2584 | D:2      | Gained mutation: Your touch may inflict minor irresistible
                  | damage on your foes. [demonic ancestry]
  2584 | D:2      | Reached XP level 4. HP: 32/37 MP: 3/6
  2657 | D:2      | Reached *** piety under Lugonu
  2792 | D:2      | Reached skill level 3 in Invocations
  3115 | D:2      | Found a faded altar of an unknown god.
  3222 | D:2      | Gained mutation: You are partially covered in sharp spines.
                  | [demonic ancestry]
  3222 | D:2      | Reached XP level 5. HP: 10/42 MP: 2/7
  4123 | D:4      | Noticed Grinder
  4178 | D:4      | Noticed Natasha
  4192 | D:3      | Killed Natasha
  4192 | D:3      | Reached **** piety under Lugonu
  4193 | D:3      | Reached skill level 4 in Invocations
  4193 | D:3      | Gained mutation: A demonic guardian rushes to your aid.
                  | [demonic ancestry]
  4193 | D:3      | Reached XP level 6. HP: 32/48 MP: 5/9
  4391 | D:4      | Found a staircase to the Ecumenical Temple.
  4416 | D:4      | Paralysed by Grinder for 3 turns
  4433 | D:4      | Killed Grinder
  4846 | D:4      | Gained mutation: You are partially covered in razor-sharp
                  | scales. (AC +1, Slay +1) [demonic ancestry]
  4846 | D:4      | Reached XP level 7. HP: 39/55 MP: 7/10
  5077 | D:5      | Entered Level 5 of the Dungeon
  5198 | D:5      | Noticed Eustachio
  5220 | D:4      | Reached skill level 5 in Invocations
  5289 | D:5      | Killed Eustachio
  5290 | D:5      | Reached skill level 5 in Fighting
  5534 | D:5      | Reached skill level 5 in Short Blades
  5692 | D:5      | Identified the +5 whip of the Boiling Point {vorpal, *Rage
                  | rPois Int+4 Stlth+}
  5713 | D:5      | Gained mutation: Your touch may inflict irresistible damage
                  | on your foes. [demonic ancestry]
  5713 | D:5      | Reached XP level 8. HP: 62/62 MP: 12/12
  5793 | D:5      | Found Zotoidept's Self-Improvement Boutique.
  6302 | D:6      | Reached skill level 6 in Invocations
  6441 | D:6      | Reached skill level 1 in Maces & Flails
  6441 | D:6      | Reached skill level 5 in Armour
  6792 | D:6      | Noticed Duvessa
  6793 | D:6      | Noticed Dowan
  6799 | D:6      | Killed Duvessa
  6800 | D:6      | Reached skill level 7 in Invocations
  6801 | D:6      | Killed Dowan
  7034 | D:7      | Reached XP level 9. HP: 69/69 MP: 11/14
  7419 | D:7      | Reached ***** piety under Lugonu
  8315 | D:8      | Found an ancient bone altar of Kikubaaqudgha.
  8316 | D:8      | Noticed Maggie
  8328 | D:8      | HP: 3/70 [Maggie/+2 broad axe of flaming (1)]
  8329 | D:8      | Killed Maggie
  8330 | D:8      | Reached skill level 1 in Stealth
  8330 | D:8      | Reached skill level 8 in Invocations
  9119 | D:8      | Found a basalt altar of Yredelemnul.
  9689 | D:9      | Noticed a troll
  9701 | D:9      | Killed a troll
  9702 | D:9      | Reached skill level 5 in Maces & Flails
  9782 | D:9      | Gained mutation: You are mostly covered in sharp spines.
                  | [demonic ancestry]
  9782 | D:9      | Reached XP level 10. HP: 77/77 MP: 11/16
  9984 | D:9      | Reached skill level 9 in Invocations
 10325 | D:10     | Entered Level 10 of the Dungeon
 10367 | D:10     | Noticed a gargoyle
 10378 | D:10     | Killed a gargoyle
 10553 | D:10     | Noticed a deep elf pyromancer
 10564 | D:10     | Killed a deep elf pyromancer
 10682 | D:10     | Noticed a death yak
 10685 | D:10     | Noticed a death yak
 10689 | D:10     | Noticed a death yak
 10706 | D:10     | Killed a death yak
 10716 | D:10     | Killed a death yak
 11062 | D:10     | Found Nuymig's Magic Scroll Shoppe.
 11086 | D:10     | Reached skill level 10 in Invocations
 11152 | D:10     | Found a staircase to the Lair.
 11173 | D:10     | Killed a death yak
 11174 | D:10     | Reached XP level 11. HP: 72/84 MP: 18/18
 11228 | D:10     | Found a runed translucent gate.
 11228 | D:10     | Found a runed translucent gate.
 11229 | D:10     | Found a runed translucent gate.
 11229 | D:10     | Noticed safid's ghost (novice MiHu)
 11229 | D:10     | Noticed a great orb of eyes
 11232 | D:10     | Found a viscous altar of Jiyva.
 11425 | Lair:1   | Entered Level 1 of the Lair of Beasts
 11425 | Lair:1   | Noticed a seven-headed hydra
 11436 | Lair:1   | Killed a seven-headed hydra
 11487 | Lair:1   | Slain by a komodo dragon

Illustrated notes

Levels and vault maps discovered:
D:1:      minmay_arrival_split_and_join, layout_loops_corners
D:2:      layout_rooms, basic_ecumenical_altar, serial_curves, eino_curves_03,
          eino_curves_02, basic_altar, glass_columns_c, fountainhead
D:3:      layout_basic, hangedman_decor_peaks_small
D:4:      layout_cave_pools, minmay_temple_entry_mini_moons, uniq_natasha,
          uniq_grinder
D:5:      layout_cave_pods, nicolae_shop_self_help, uniq_eustachio
D:6:      layout_basic, serial_demonic, serial_demonic_a, serial_demonic_f,
          serial_demonic_c, serial_demonic_b, lightli_corner_chamber,
          uniq_duvessa
D:7:      layout_basic, st_stairs_10, minivault_4, minmay_manual_mares
D:8:      layout_layer_cave, lemuel_mausoleum_altar_yredelemnul,
          kiku_gazebo_garden_becter, uniq_maggie
D:9:      layout_long_grid
D:10:     layout_small_grid, dpeg_lair_monsters, serial_shops,
          nicolae_shop_behind_doors, gammafunk_ghost_ooze
Lair:1:   layout_roguey, gammafunk_ghost_berserking_beasts, grunt_megastairs_3

Skill      XL: |  1  2  3  4  5  6  7  8  9 10 11 |
---------------+----------------------------------+-----
Dodging        | 1 2 3 4 |  4.0
Short Blades   | 2 3 4 5 |  5.6
Armour         | 2 3 4 5 6 7 8 |  8.0
Fighting       | 4 5 6 7 |  7.8
Invocations    | 3 4 5 7 8 10 | 10.5
Maces & Flails | 1 5 7 8 |  8.0
Stealth        | 1 |  1.5

Action                   |  1- 3 |  4- 6 |  7- 9 | 10-12 || total
-------------------------+-------+-------+-------+-------++-------
Melee: Short sword       |   174 |   150 |    59 |       ||   383
       Touch             |       |    23 |    35 |    20 ||    78
       Whip              |       |       |   162 |   112 ||   274
       Punch             |       |       |     7 |       ||     7
Invok: Depart the Abyss  |     1 |       |       |       ||     1
  Use: Scroll            |       |       |     6 |     1 ||     7
Armor: Leather armour    |    47 |       |       |       ||    47
       Chain mail        |    22 |   101 |   152 |    39 ||   314
       Scale mail        |       |       |    22 |       ||    22
Dodge: Dodged            |   110 |    47 |    97 |    55 ||   309
